 Dungeon Crawl Stone Soup version 0.27-a0-1456-gf5a116941d (webtiles) character file.

Game seed: 15102542422706687950

50 avis the Insei (level 3, -7/27 HPs)
             Began as a Demigod Transmuter on July 5, 2021.
             Killed by divine providence
             ... invoked by an orc priest
              (14 damage)
             ... on level 3 of the Dungeon.
             The game lasted 00:13:23 (1971 turns).

avis the Insei (Demigod Transmuter)                 Turns: 1971, Time: 00:13:24

Health: -7/27      AC:  2    Str: 17    XL:     3   Next: 35%
Magic:  3/8        EV: 12    Int: 19    God:
Gold:   117        SH:  0    Dex: 14    Spells: 2/5 levels left

rFire    . . .     SeeInvis .   a - +0 dagger (protect)
rCold    . . .     Faith    .   (no shield)
rNeg     . . .     Spirit   .   k - +0 robe
rPois    .         Reflect  .   (helmet currently unavailable)
rElec    .         Harm     .   (no cloak)
rCorr    .         Rampage  .   (no gloves)
Will     .....                  (boots currently unavailable)
Stlth    +.........             (no amulet)
HPRegen  0.09/turn              h - +6 ring of strength
MPRegen  0.11/turn              (no ring)

@: appendages (expiring), very slightly contaminated
A: horns 2, talons 2, high mp 1, forlorn
a: End Transformation


You were on level 3 of the Dungeon.
You had temporarily grown beastly horns and talons.
You visited 1 branch of the dungeon, and saw 3 of its levels.

You collected 117 gold pieces.

Inventory:

Hand Weapons
 a - a +0 dagger of protection (weapon)
 b - a +0 hunting sling
Missiles
 f - 70 stones
 g - 14 arrows
 i - 30 bolts
 r - 16 sling bullets
Armour
 k - a +0 robe (worn)
 m - a +0 helmet (melded)
 p - a +0 buckler
 q - a +0 leather armour
Jewellery
 h - a +6 ring of strength (left hand)
Scrolls
 e - 3 scrolls of identify {unknown}
 j - a scroll of noise {unknown}
 o - a scroll of immolation {unknown}
 u - a scroll of fog {unknown}
Potions
 c - 4 potions of curing {unknown}
 d - a potion of might {unknown}
 l - a potion of mutation {unknown}
 n - a potion of haste {unknown}
 s - a potion of resistance {unknown}
 t - a potion of berserk rage {unknown}


   Skills:
 - Level 0.8 Fighting
 - Level 1.7 Dodging
 * Level 3.9 Unarmed Combat
 + Level 1.9 Spellcasting
 - Level 1.0 Translocations
 - Level 1.7 Transmutations


You had 2 spell levels left.
You knew the following spells:

 Your Spells              Type           Power      Damage    Failure   Level
a - Beastly Appendage     Tmut           16%        N/A       9%          1
b - Blink                 Tloc           N/A        N/A       17%         2

Your spell library contained the following spells:

 Spells                   Type           Power      Damage    Failure   Level
 Wereblood                Tmut           8%         N/A       12%         2
 Ensorcelled Hibernation  Hex/Ice        2%         N/A       26%         2
 Lesser Beckoning         Tloc           2%         N/A       34%         3
 Spider Form              Tmut/Pois      2%         N/A       34%         3
 Ignite Poison            Fire/Tmut/Pois 4%         N/A       38%         3
 Mephitic Cloud           Conj/Pois/Air  1%         N/A       45%         3
 Ice Form                 Ice/Tmut       5%         N/A       75%         4
 Manifold Assault         Tloc           5%         N/A       97%         5
 Bolt of Magma            Conj/Fire/Erth 0%         4d4       99%         5
 Shadow Creatures         Summ           N/A        N/A       100%        6


Dungeon Overview and Level Annotations

Branches:
Dungeon (3/15)


Innate Abilities, Weirdness & Mutations

You have temporarily grown beastly horns and talons.
Your attributes grow dramatically as you level up.
You have an increased reservoir of magic. (+10% MP)
You shall have no god before yourself.


Message History

Your horns disappear.
Your talons disappear.
Your +0 helmet unmelds from your body.
You hit the orc wizard.
Your weapon exudes an aura of protection.
The orc wizard is severely wounded.
The orc wizard misses you.
Casting: Blink (safe; 17% risk of failure)
Confirm with . or Enter, or press ? or * to list all spells.
You miscast Beastly Appendage.
You are very lightly contaminated with residual magic.
Nothing appears to happen.
The orc misses you.
Casting: Beastly Appendage (safe; 9% risk of failure)
Confirm with . or Enter, or press ? or * to list all spells.
You grow a pair of large bovine horns.
Your feet morph into talons.
Your +0 helmet melds into your body.
The orc wizard hits you but does no damage.
The orc hits you with a +0 hand axe.
The orc priest hits you with a +1 dagger of freezing.
The orc priest freezes you.
You closely miss the orc priest. The orc wizard closely misses you.
The orc barely misses you.
The orc priest looks encouraged for a moment.
You barely miss the orc wizard. You claw the orc wizard.
The orc wizard is severely wounded.
The orc wizard gestures wildly while chanting.
The orc wizard flickers and vanishes!
Deactivating autopickup; reactivate with Ctrl-A.
The orc hits you with a +0 hand axe.
The orc priest hits you with a +1 dagger of freezing.
* * * LOW HITPOINT WARNING * * *
The orc priest freezes you.
* * * LOW HITPOINT WARNING * * *
Casting: Beastly Appendage (safe; 9% risk of failure)
Confirm with . or Enter, or press ? or * to list all spells.
You blink.
Your transformation is almost over.
The orc priest calls down the wrath of Beogh upon you.
Beogh smites you!
Ouch! That really hurt!
You die...

####### #..#...# ......#
#..#.#o# ##..#.# #..#.#.#
#....# #..###.# #.####
###+######oo....# #.#
#..........###### ##.#
#..........# ...#
#........).####### .###
##......@.........## .#
##...........##.....# .#
#..........#.##.....# .#
#.......##........#.#
.#######............##.#...#
..............#......#######
####.###..................#
............###.###..####.#
.#######.#..# #......# #.#


You could see an orc priest and an orc.

Vanquished Creatures
  An adder (D:3)
  A dart slug (D:1)
  3 ball pythons (D:1)
  3 endoplasms
  A giant cockroach (D:2)
  4 goblins
  3 hobgoblins (D:1)
  6 jackals
  4 kobolds (D:1)
  6 bats
  2 frilled lizards (D:1)
  2 rats
36 creatures vanquished.

Notes
Turn   | Place    | Note
-------+----------+-------------------------------------------
     0 | D:1      | avis the Demigod Transmuter began the quest for the Orb.
     0 | D:1      | Reached XP level 1. HP: 15/15 MP: 5/5
    84 | D:1      | Reached skill level 3 in Unarmed Combat
   384 | D:1      | Reached XP level 2. HP: 22/22 MP: 7/7
   387 | D:1      | Learned a level 2 spell: Blink
  1518 | D:2      | Reached XP level 3. HP: 27/27 MP: 6/8
  1771 | D:3      | Reached skill level 1 in Translocations
  1971 | D:3      | Killed from afar by an orc priest

Illustrated notes

Levels and vault maps discovered:
D:1:      wheals_arrival_linesprint, layout_rooms,
          hellmonk_ecumenical_altar_lost_god, chequers_serial_rivers_large_b,
          minivault_5
D:2:      layout_basic
D:3:      layout_basic, old_standard_altar, marbit_many_paths

Skill      XL: |  1  2  3 |
---------------+----------+-----
Unarmed Combat | 3 |  3.9
Translocations | 1 |  1.0
Fighting       | |  0.8
Dodging        | |  1.7
Spellcasting   | |  1.9
Transmutations | |  1.7

Action                   || total
-------------------------++-------
Melee: Unarmed           ||    27
       Kick              ||    13
       Headbutt          ||     5
       Punch             ||     1
       Dagger            ||    13
 Fire: Hunting sling     ||    67
 Cast: Beastly Appendage ||    15
       Blink             ||     2
Armor: Robe              ||    11
Dodge: Dodged            ||    26

Table legend: (Time is in decaauts)
 A = Elapsed time spent in this place.
 B = Non-inter-level travel time spent in this place.
 C = Inter-level travel time spent in this place.
 D = Time resting spent in this place.
 E = Time spent auto-exploring this place.
 F = Levels seen in this place.
 G = Mean time per level.
                   A        B        C        D        E       F      G
               +--------+--------+--------+--------+--------+-----+--------+
         Total |   2003 |   1721 |    282 |    191 |    945 |   3 |  667.7 |
       Dungeon |   2003 |   1721 |    282 |    191 |    945 |   3 |  667.7 |
               +--------+--------+--------+--------+--------+-----+--------+

Top non-repeatable levels by time:
     D:1: 1249 daAuts
     D:2: 480 daAuts
     D:3: 273 daAuts
